 Dungeon Crawl Stone Soup version 0.29-a0-575-g0dc89cf053 (webtiles) character file.

Game seed: 3812556784506734023

114 raistware the Conjurer (level 5, -2/35 HPs)
             Began as a Human Conjurer on June 12, 2022.
             Slain by Grinder (9 damage)
             ... on level 3 of the Dungeon.
             The game lasted 00:04:40 (2758 turns).

raistware the Conjurer (Human Conjurer)             Turns: 2758, Time: 00:04:40

Health: -2/35      AC:  4    Str:  7    XL:     5   Next: 18%
Magic:  8/10       EV: 27    Int: 21    God:
Gold:   157        SH:  0    Dex: 17    Spells: 4/11 levels left

rFire   . . .      SeeInvis .   v - +0 dagger (pain)
rCold   . . .      Faith    .   (no shield)
rNeg    . . .      Spirit   .   a - +0 robe
rPois   .          Reflect  .   (no helmet)
rElec   .          Harm     .   q - +0 cloak
rCorr   .          Rampage  .   k - +0 pair of gloves
Will    .....                   (no boots)
Stlth   ++........              r - amulet of the acrobat
HPRegen 0.11/turn               j - +6 ring of dexterity
MPRegen 0.12/turn               (no ring)

@: acrobatic
A: no striking features
a: no special abilities


You were on level 3 of the Dungeon.
You visited 1 branch of the dungeon, and saw 3 of its levels.

You collected 157 gold pieces.

Inventory:

Hand Weapons
 v - a +0 dagger of pain (weapon)
Armour
 a - a +0 robe (worn)
 g - a +1 buckler of protection
 k - a +0 pair of gloves (worn)
 q - a +0 cloak (worn)
Jewellery
 j - a +6 ring of dexterity (left hand)
 r - an amulet of the acrobat (around neck)
Wands
 m - a wand of paralysis (14)
 t - a wand of iceblast (8)
 u - a wand of flame (28)
Scrolls
 f - a scroll of teleportation {unknown}
 i - 2 scrolls of vulnerability {unknown}
 p - 4 scrolls of identify {unknown}
 s - a scroll of blinking {unknown}
Potions
 c - a potion of lignification {unknown}
 d - a potion of heal wounds {unknown}
 e - a potion of mutation {unknown}
 h - a potion of resistance {unknown}
 l - 2 potions of might {unknown}
 n - a potion of berserk rage {unknown}
 o - a potion of attraction {unknown}


   Skills:
 - Level 2.0 Dodging
 - Level 2.0 Stealth
 * Level 3.5 Spellcasting
 * Level 5.1 Conjurations


You had 4 spell levels left.
You knew the following spells:

 Your Spells              Type           Power      Damage    Failure   Level
a - Magic Dart            Conj           100%       1d8       1%          1
b - Searing Ray           Conj           50%        2d6       2%          2
c - Fulminant Prism       Conj/Hex       7%         3d7       41%         4

Your spell library contained the following spells:

 Spells                   Type           Power      Damage    Failure   Level
 Dazzling Flash           Conj/Hex       28%        N/A       13%         3
 Gell's Gravitas          Tloc           3%         N/A       36%         3
 Lesser Beckoning         Tloc           3%         N/A       36%         3
 Teleport Other           Tloc           3%         N/A       36%         3
 Iskenderun's Mystic Bla  Conj/Tloc      14%        2d5       41%         4


Dungeon Overview and Level Annotations

Branches:
Dungeon (3/15)

Altars:

Annotations:
D:3 Grinder


Message History

Aim: Grinder (moderately wounded, 77% to hit)
The searing ray hits Grinder.
Grinder is moderately wounded. (Press . to maintain the ray.) Grinder blinks!
You see here a +0 club.
Casting: Searing Ray (safe; 2% risk of failure)
Confirm with . or Enter, or press ? or * to list all spells.
Aiming: Searing Ray (safe; 2% risk of failure)
Press: ? - help, Shift-Dir - straight line, f/p - Grinder
Aim: Grinder (moderately wounded, 77% to hit)
Okay, then.
Casting: Searing Ray (safe; 2% risk of failure)
Confirm with . or Enter, or press ? or * to list all spells.
Aiming: Searing Ray (safe; 2% risk of failure)
Press: ? - help, Shift-Dir - straight line, f/p - Grinder
Aim: Grinder (moderately wounded, 77% to hit)
The searing ray hits Grinder!
Grinder is heavily wounded. (Press . to maintain the ray.) Grinder says, "Wait up."
The searing ray hits Grinder.
Grinder is severely wounded.
Grinder closely misses you. Magic courses through your body.
Grinder hits you but does no damage.
Casting: Searing Ray (safe; 2% risk of failure)
Confirm with . or Enter, or press ? or * to list all spells.
Aiming: Searing Ray (safe; 2% risk of failure)
Press: ? - help, Shift-Dir - straight line, f/p - Grinder
Aim: Grinder (severely wounded, 77% to hit)
The searing ray misses Grinder. (Press . to maintain the ray.) Grinder hits you.
* * * LOW HITPOINT WARNING * * *
You writhe in agony.
* * * LOW HITPOINT WARNING * * *
The searing ray hits Grinder.
Grinder is severely wounded.
Grinder hits you!
You die...

##.#.. ##.#...
#.###..
#############.#..#
#..............#.#
#.######.#####.#.#
#.# #.## #.#.# #5#
#5.# #.... #@#
####''######..
#)###........#####
#.##..........## #
###.)..†.......###
#..............##
..........(.....#
...........[.....
.................
......8..8.......


You could see Grinder.

Vanquished Creatures
  An orc wizard (D:3)
  4 adders
  2 worms (D:2)
  A dart slug (D:3)
  4 orcs (D:3)
  3 bats
  2 endoplasms
  2 giant cockroaches (D:1)
  6 goblins
  3 hobgoblins
  2 jackals (D:1)
  A quokka (D:3)
  2 ball pythons (D:2)
  3 frilled lizards
  A kobold (D:1)
  7 rats
44 creatures vanquished.

Notes
Turn   | Place    | Note
-------+----------+-------------------------------------------
     0 | D:1      | raistware the Human Conjurer began the quest for the Orb.
     0 | D:1      | Reached XP level 1. HP: 13/13 MP: 3/3
   175 | D:1      | Reached XP level 2. HP: 19/19 MP: 3/5
   178 | D:1      | Learned a level 2 spell: Searing Ray
   884 | D:2      | Found a faded altar of an unknown god.
   940 | D:2      | Reached XP level 3. HP: 24/24 MP: 0/6
  1895 | D:2      | Reached XP level 4. HP: 30/30 MP: 2/8
  1900 | D:2      | Learned a level 4 spell: Fulminant Prism
  2277 | D:3      | Reached skill level 5 in Conjurations
  2649 | D:3      | Reached XP level 5. HP: 35/35 MP: 7/10
  2713 | D:3      | Noticed Grinder
  2746 | D:3      | Paralysed by Grinder for 5 turns
  2758 | D:3      | Slain by Grinder

Illustrated notes

Levels and vault maps discovered:
D:1:      psy_arrival_conway, layout_basic
D:2:      layout_loops_ring, chequers_ecumenical_altar_simple_redux, hex_medium,
          minmay_misc_feat_chi
D:3:      kennysheep_big_flooded_room, layout_loops_ring, serial_shops,
          nicolae_lakefront_shop, uniq_grinder

Skill      XL: |  1  2  3  4 |
---------------+-------------+-----
Spellcasting   | 3 |  3.5
Conjurations   | 5 |  5.1
Dodging        | |  2.0
Stealth        | |  2.0

Action                   |  1- 3 |  4- 6 || total
-------------------------+-------+-------++-------
Melee: Unarmed           |    17 |     3 ||    20
       Punch             |     1 |       ||     1
       Dagger            |       |     3 ||     3
 Cast: Magic Dart        |    55 |    22 ||    77
       Searing Ray       |     4 |     8 ||    12
  Use: Potion            |       |     2 ||     2
Armor: Robe              |     3 |     4 ||     7
Dodge: Dodged            |     7 |     9 ||    16

Table legend: (Time is in decaauts)
 A = Elapsed time spent in this place.
 B = Non-inter-level travel time spent in this place.
 C = Inter-level travel time spent in this place.
 D = Time resting spent in this place.
 E = Time spent auto-exploring this place.
 F = Levels seen in this place.
 G = Mean time per level.
                   A        B        C        D        E       F      G
               +--------+--------+--------+--------+--------+-----+--------+
         Total |   2760 |   2697 |     63 |    166 |   2140 |   3 |  920.0 |
       Dungeon |   2760 |   2697 |     63 |    166 |   2140 |   3 |  920.0 |
               +--------+--------+--------+--------+--------+-----+--------+

Top non-repeatable levels by time:
     D:2: 1346 daAuts
     D:1: 903 daAuts
     D:3: 510 daAuts
